 Dungeon Crawl Stone Soup version 0.25-a0-246-g58704a1ebd (webtiles) character file.

Game seed: 4602035505715763092, levelgen mode: classic

1031 Borgoz the Cutter (level 8, -10/81 HPs)
             Began as a Halfling Gladiator on Dec 4, 2019.
             Mangled by Pikel
             ... wielding a +2 whip of electrocution
              (15 damage)
             ... on level 4 of the Dungeon.
             The game lasted 00:10:14 (6062 turns).

Borgoz the Cutter (Halfling Gladiator)              Turns: 6062, Time: 00:10:15

Health: -10/81     AC: 24    Str: 22    XL:     8   Next: 47%
Magic:  8/8        EV:  3    Int:  6    God:
Gold:   222        SH:  0    Dex: 18    Spells: 7/7 levels left

rFire    . . .     SeeInvis .   a - +1 rapier
rCold    . . .     Gourm    .   (shield restricted)
rNeg     + + +     Faith    .   (armour currently unavailable)
rPois    +         Spirit   .   (helmet currently unavailable)
rElec    .         Reflect  .   (cloak currently unavailable)
rCorr    .         Harm     .   (gloves currently unavailable)
MR       .....     NoTele   +   (boots currently unavailable)
Stlth    +++.......             (no amulet)
HPRegen  0.23/turn              l - +2 ring of dexterity
MPRegen  0.11/turn              (no ring)

@: mighty, tree-form (expiring)
A: small, mutation resistance 1
a: no special abilities


You were on level 4 of the Dungeon.
You were not hungry.
You were a tree.
You visited 1 branch of the dungeon, and saw 5 of its levels.
You also visited: Sewer.

You collected 222 gold pieces.

Inventory:

Hand Weapons
 a - a +1 rapier (weapon)
Armour
 c - a +1 ring mail of poison resistance (melded)
 h - a +0 cloak (melded)
 u - a +2 helmet (melded)
 y - +0 ice dragon scales
Jewellery
 l - a +2 ring of dexterity (left branch)
Wands
 x - a wand of random effects (11)
Scrolls
 e - a scroll of remove curse
 g - a scroll of amnesia {unknown}
 n - a scroll of noise {unknown}
 p - a scroll of fear {unknown}
 q - a scroll of teleportation
 v - a scroll of enchant armour {unknown}
Potions
 i - 2 potions of lignification
 j - 2 potions of might
 k - a potion of cancellation
 o - 2 potions of curing {unknown}
 r - a potion of resistance
 s - a potion of flight
 t - 2 potions of magic {unknown}
 w - a potion of brilliance
 z - a potion of invisibility {unknown}
Comestibles
 b - 4 chunks of flesh
 f - 6 rations


   Skills:
 * Level 4.5 Fighting
 * Level 6.6 Short Blades
 - Level 2.0 Throwing
 + Level 3.1 Armour
 * Level 6.1 Dodging
 + Level 3.5 Stealth


You had 7 spell levels left.
You didn't know any spells.
Your spell library contained the following spells:

 Spells                   Type           Power        Failure   Level  Hunger
 Confusing Touch          Hex            #.....       45%         1    ##.....
 Confuse                  Hex            #.......     83%         3    ####...
 Gell's Gravitas          Tloc           #.........   83%         3    ####...
 Petrify                  Tmut/Erth      #.......     99%         4    #####..
 Metabolic Englaciation   Hex/Ice        #.........   100%        5    ######.
 Yara's Violent Unravell  Hex/Tmut       #.........   100%        5    ######.


Dungeon Overview and Level Annotations

Branches:
Dungeon (5/15)             Temple (0/1) D:4           Sewer (visited)

Altars:
Qazlal
Zin

Annotations:
D:4 Pikel


Innate Abilities, Weirdness & Mutations

You are small and have problems with some larger weapons.
You are somewhat resistant to further mutation.


Message History

Throwing (i - inventory)
d - a throwing net (quivered)
Press: ? - help, Shift-Dir - straight line, f/p - Pikel
Aim: Pikel, wielding a +2 whip of electrocution and wearing a +0 robe (heavily wounded)
You throw a throwing net. The throwing net misses Pikel.
Your transformation is almost over.
Evoke which item? (* to show all) (? for menu, Esc to quit)
Okay, then.
Okay, then.
Okay, then.
Okay, then.
You barely miss Pikel.
Pikel is heavily wounded.
Pikel hits you but does no damage.
You barely miss Pikel.
Pikel is heavily wounded.
Pikel hits you but does no damage.
You closely miss Pikel.
Pikel is heavily wounded.
Pikel hits you but does no damage.
You are electrocuted!
You die...

#.###......####.......#
.......##[.......####...
#.###...#.######÷...#
#.# #.#.# # #..#....#
..# #.#.# #....#.## ###
#.... #.#p##.# # ##...#
#..... ##
...#########.### .#
..........♣K.(# ##
...#####.##.......#
##.#.
.#.....#<##.#####.#
............(......# ...
##.8.>.8.....#.#...# #.#
.....#####.#...# #.#
.#..........#####.#
..########.......#######
#.##.#.)......#


You could see Pikel.

Vanquished Creatures
  Grinder (D:3)
  Sigmund (D:2)
  4 slaves (D:4)
  A phantom (D:5)
  An ogre (D:3)
  A crimson imp (D:5)
  An orc priest (D:4)
  Crazy Yiuf (D:2)
  2 orc wizards (D:4)
  Jessica (D:3)
  Natasha (twice) (D:4)
  An iguana (D:4)
  2 worker ants
  Robin (D:3)
  4 adders
  3 oozes
  An adder skeleton (D:5)
  3 worms
  3 dart slugs
  3 leopard geckos
  5 orcs
  6 giant cockroaches
  13 goblins
  10 hobgoblins
  5 jackals (Sewer)
  4 quokkas
  8 ball pythons
  12 bats
  8 frilled lizards
  A jackal skeleton (D:5)
  18 kobolds
  9 rats
  2 plants (Sewer)
138 creatures vanquished.

Notes
Turn   | Place    | Note
-------+----------+-------------------------------------------
     0 | D:1      | Borgoz the Halfling Gladiator began the quest for the Orb.
     0 | D:1      | Reached XP level 1. HP: 14/14 MP: 1/1
   222 | D:1      | Reached XP level 2. HP: 19/19 MP: 2/2
   596 | D:1      | Reached XP level 3. HP: 24/24 MP: 3/3
   704 | D:1      | Reached skill level 1 in Stealth
  1177 | D:2      | Reached skill level 1 in Armour
  1177 | D:2      | Reached XP level 4. HP: 30/30 MP: 4/4
  1335 | D:2      | Noticed Sigmund
  1351 | D:2      | Killed Sigmund
  1351 | D:2      | Reached skill level 5 in Short Blades
  1351 | D:2      | Reached XP level 5. HP: 17/36 MP: 5/5
  1351 | D:2      | Reached XP level 6. HP: 20/42 MP: 6/6
  1942 | D:2      | Found a stormy altar of Qazlal.
  2294 | D:2      | Found a runed translucent door.
  2295 | D:2      | Noticed Crazy Yiuf
  2630 | D:2      | Killed Crazy Yiuf
  2842 | D:3      | Found a glowing drain.
  2863 | D:3      | Noticed Jessica
  2870 | D:3      | Killed Jessica
  2983 | Sewer    | Entered a sewer
  3277 | Sewer    | Reached XP level 7. HP: 46/46 MP: 7/7
  3752 | D:3      | Noticed Robin
  3763 | D:3      | Reached skill level 5 in Dodging
  4068 | D:4      | Found a glowing silver altar of Zin.
  4068 | D:4      | Noticed Natasha
  4070 | D:4      | Killed Natasha
  4298 | D:4      | Noticed Pikel
  4344 | D:3      | Killed Robin
  4621 | D:3      | Noticed Grinder
  4631 | D:3      | Paralysed by Grinder for 7 turns
  4645 | D:3      | Killed Grinder
  5142 | D:3      | Reached XP level 8. HP: 54/54 MP: 8/8
  5300 | D:4      | Found a staircase to the Ecumenical Temple.
  5683 | D:4      | Noticed Natasha
  5694 | D:4      | Killed Natasha
  5718 | D:5      | Entered Level 5 of the Dungeon
  6057 | D:4      | HP: 4/81 [Pikel/+2 whip of electrocution (12)]
  6062 | D:4      | Mangled by Pikel

Levels and vault maps discovered:
D:1:      sevenhm_arrival_forest_fort_large_4, layout_loops_ring,
          minmay_tromino_i2
D:2:      layout_basic, lemuel_coloured_pillars_altar, serial_forest,
          infiniplex_forest_clump_double, infiniplex_forest_lined_corner,
          infiniplex_forest_lined_room_2, infiniplex_forest_clump_curved,
          infiniplex_forest_clump_small, infiniplex_forest_lined_room_2,
          infiniplex_forest_lined_room_2, infiniplex_forest_clump_curved,
          first_ration, minmay_close_crescents, uniq_crazy_yiuf_cottage,
          uniq_sigmund
D:3:      layout_basic, portal_sewer_entry_b, minmay_statues_item, uniq_grinder,
          uniq_robin, uniq_jessica
D:4:      layout_loops_cross, nicolae_overflow_crystal_walls,
          minmay_temple_entry_statues_pillars, nemelex_dance_club_becter,
          uniq_natasha, uniq_pikel
D:5:      layout_basic, lemuel_zombie_altar_yredelemnul

Skill      XL: |  1  2  3  4  5  6  7  8 |
---------------+-------------------------+-----
Fighting       | 2 3 4 |  4.5
Short Blades   | 4 5 6 |  6.6
Stealth        | 1 2 3 |  3.5
Armour         | 1 2 3 |  3.1
Dodging        | 4 5 6 |  6.1
Throwing       | |  2.0

Action                   |  1- 3 |  4- 6 |  7- 9 || total
-------------------------+-------+-------+-------++-------
Melee: Rapier            |    90 |   175 |   332 ||   597
Throw: Throwing net      |       |     1 |     4 ||     5
  Use: Potion            |       |     2 |     4 ||     6
       Scroll            |       |     7 |     5 ||    12
 Stab: Sleeping          |     3 |     3 |     4 ||    10
       Held in net/web   |       |     1 |     2 ||     3
  Eat: Chunk             |       |     8 |     6 ||    14
       Ration            |       |       |     1 ||     1
Armor: Leather armour    |    17 |    20 |    29 ||    66
       Skin              |       |     5 |    39 ||    44
       Ring mail         |       |       |    31 ||    31
Dodge: Dodged            |    86 |   145 |   260 ||   491

Table legend:
 A = Non-vault XP
 B = Vault XP
 C = Vault XP percentage of total XP
 D = Non-vault monster count
 E = Vault monster count
 F = Vault count percentage of total count
                 A         B        C        D         E       F
            +---------+---------+-------+---------+---------+-------
      Total |     696 |     778 |  52.8 |      76 |      56 |  42.4
            +---------+---------+-------+---------+---------+-------
        D:1 |      56 |       3 |   5.1 |      29 |       1 |   3.3
        D:2 |      41 |     313 |  88.4 |      13 |       8 |  38.1
        D:3 |     201 |     371 |  64.9 |      16 |      18 |  52.9
        D:4 |     207 |      43 |  17.2 |      10 |       4 |  28.6
        D:5 |     191 |       0 |   0.0 |       8 |       0 |   0.0
      Sewer |       0 |      48 | 100.0 |       0 |      25 | 100.0
            +---------+---------+-------+---------+---------+-------
